 Dungeon Crawl Stone Soup version 0.30-a0-696-g2367cd04db (webtiles) character file.

Game seed: 7379157809688977139

183 kae the Changer (level 5, -7/37 HPs)
             Began as a Demonspawn Transmuter on Jan 20, 2023.
             Killed by divine providence
             ... invoked by an orc priest
              (16 damage)
             ... on level 4 of the Dungeon.
             The game lasted 00:04:55 (3064 turns).

kae the Changer (Demonspawn Transmuter)             Turns: 3064, Time: 00:04:56

Health: -7/37      AC:  2    Str: 11    XL:     5   Next: 35%
Magic:  3/9        EV: 24    Int: 22    God:
Gold:   191        SH:  0    Dex: 18    Spells: 3/9 levels left

rFire   . . .      SeeInvis .      - Unarmed
rCold   . . .      Faith    .    (shield currently unavailable)
rNeg    . . .      Spirit   .    (body armour currently unavailable)
rPois   x          Reflect  .    (helmet currently unavailable)
rElec   .          Harm     .    (cloak currently unavailable)
rCorr   .          Rampage  .    (gloves currently unavailable)
Will    .....                    (boots currently unavailable)
Stlth   ++                       (no amulet)
HPRegen 0.26/turn                E - +5 ring of evasion
MPRegen 0.11/turn                I - +6 ring of intelligence

@: spider-form, weakened, wereblooded
A: venomous fangs, tiny, demonic guardian 1, (demonic touch 1)
a: End Transformation


You were on level 4 of the Dungeon.
You were a venomous arachnid creature.
You visited 1 branch of the dungeon, and saw 4 of its levels.

You collected 191 gold pieces.


Innate Abilities, Weirdness & Mutations

You are a venomous arachnid creature.
You have venomous fangs.
You are tiny and dextrous.
Your spellcasting is less reliable in this form.
Your armour is entirely melded.
You are incapable of wielding weapons or throwing items.
A weak demonic guardian rushes to your aid.
((Your touch may inflict minor irresistible damage on your foes.))


   Skills:
 - Level 1.1 Fighting
 - Level 1.8 Dodging
 + Level 3.5 Unarmed Combat
 + Level 2.8 Spellcasting
 * Level 3.6 Transmutations
 - Level 1.5 Poison Magic


You had 3 spell levels left.
You knew the following spells:

 Your Spells              Type           Power      Damage    Failure   Level
a - Beastly Appendage     Tmut           36%        N/A       11%         1
b - Wereblood             Tmut           18%        N/A       13%         2
c - Spider Form           Tmut/Pois      14%        N/A       30%         3

Your spell library contained the following spells:

 Spells                   Type           Power      Damage    Failure   Level
 Passwall                 Tmut/Erth      9%         N/A       22%         2
 Sandblast                Erth           6%         2d5       30%         1
 Ignite Poison            Fire/Tmut/Pois 10%        N/A       38%         3
 Kindle Blastsparks       Fire/Tloc/Air  6%         2d10      58%         3
 Ozocubu's Armour         Ice            3%         N/A       58%         3
 Stone Arrow              Conj/Erth      6%         3d7       58%         3
 Ice Form                 Ice/Tmut       11%        N/A       73%         4
 Freezing Cloud           Conj/Ice/Air   1%         6-21      99%         5
 Metabolic Englaciation   Hex/Ice        1%         N/A       99%         5
 Simulacrum               Ice/Necr       1%         N/A       100%        6

Inventory:

Missiles
 c - 25 stones
 d - 7 boomerangs
 i - 11 poisoned darts
Armour
 a - a +0 robe (melded)
Jewellery
 E - a +5 ring of evasion (left front pincers)
   (You found it on level 1 of the Dungeon)
 I - a +6 ring of intelligence (right front pincers)
   (You found it on level 3 of the Dungeon)
 N - a ring of positive energy
   (You found it on level 3 of the Dungeon)
 P - a ring of poison resistance
   (You found it on level 4 of the Dungeon)
Scrolls
 e - 3 scrolls of fear
 j - 2 scrolls of immolation {!r!r}
 k - a scroll of silence {unknown}
 l - a scroll of fog
 p - 3 scrolls of teleportation {@r4}
 q - a scroll of magic mapping {!r}
Potions
 b - a potion of lignification {!q}
 f - 2 potions of might
 g - a potion of heal wounds {@q2}
 h - 2 potions of curing {@q1}
 m - 2 potions of magic {unknown}
 o - 2 potions of berserk rage {!q}

Dungeon Overview and Level Annotations

Branches:
Dungeon (4/15) Zot: 20948
 Temple: D:4-7

Altars:
Okawaru
Uskayaw

### ## .....# ##?? .....# # #.#.
.....# ... #.. ... ###.....# #.#
#..?#o###....... #.# #..ogg5....#
#.# #...#.##s....######.#####
###### #.. ... ##................
.....### #.#. #.................
.......#####([ #.................
####.#.....#####.................
#.#.###.....#.................
####.#...#.###.............†.....
.....###.#.# #######..#####'####[
...........##########..####..# #.


You could see an orc priest, an orc, 2 goblins and a friendly white imp
(summoned).


Message History

You take 3 damage, and now have 23/37 hp.
You lost 3 mp, and now have 6/9 mp.
Casting: Spider Form (quite dangerous; 32% risk of failure)
Confirm with . or Enter, or press ? or * to list all spells.
Your blood is infused with primal strength.
The quokka misses you.
The orc priest looks encouraged for a moment.
The quokka bites you. 😮 HP[-1] MP[-2]
You take 1 damage, and now have 22/37 hp.
You lost 2 mp, and now have 4/9 mp.
You hit the quokka. The quokka bites you.
Unknown command. 😮 HP[-2]
You take 2 damage, and now have 20/37 hp.
You hit the quokka.
You feel a bit better.
You kill the quokka! 😮 HP[+2]
You regained 2 hp, and now have 22/37 hp.
You completely miss the gnoll bouda. The gnoll bouda misses you. 😮 HP[+1]
You hit the gnoll bouda.
The gnoll bouda is poisoned.
The gnoll bouda misses you.
Unknown command.
You hit the gnoll bouda but do no damage.
The gnoll bouda closely misses you.
You hit the gnoll bouda.
The gnoll bouda looks as sick as possible!
The gnoll bouda gazes fiercely through you!
You feel your attacks grow feeble.
The gnoll bouda completely misses you. 😮 MP[+1]
You hit the gnoll bouda but do no damage.
The gnoll bouda looks as sick as possible!
Your transformation is almost over.
The gnoll bouda completely misses you. 😮 HP[+1]
You hit the gnoll bouda.
The gnoll bouda looks as sick as possible!
The gnoll bouda prays to its god.
The gnoll bouda is healed somewhat.
The orc priest begins to cast a cantrip, but forgets the words!
You hit the gnoll bouda but do no damage.
The gnoll bouda looks as sick as possible!
The gnoll bouda barely misses you.
Unknown command.
You hit the gnoll bouda.
The gnoll bouda looks as sick as possible!
You hiss as the wereblood boils in your veins!
The gnoll bouda utters an invocation to its god.
The gnoll bouda is healed somewhat.
The orc priest mumbles some strange prayers to Beogh against you.
Beogh smites you!
* * * LOW HITPOINT WARNING * * *
😨 HP[-9]
You take 9 damage, and now have 15/37 hp.
MASSIVE DAMAGE!! (PAUSE)
You barely miss the gnoll bouda. The gnoll bouda misses you. 😨 HP[+1]
You hit the gnoll bouda but do no damage.
You hiss as the wereblood boils in your veins!
The gnoll bouda gazes fiercely through you!
You feel as though you will be weak longer.
The gnoll bouda misses you.
Unknown command.
You barely miss the gnoll bouda.
The gnoll bouda gazes fiercely through you!
You feel as though you will be weak longer.
The gnoll bouda closely misses you.
You hit the gnoll bouda but do no damage.
The gnoll bouda looks as sick as possible!
The gnoll bouda hits you with a +0 whip!
* * * LOW HITPOINT WARNING * * *
A demonic guardian appears! 😱 HP[-9]
You take 9 damage, and now have 7/37 hp.
MASSIVE DAMAGE!! (PAUSE)
You barely miss the gnoll bouda.
You feel a bit better.
You kill the gnoll bouda! 😱 HP[+2]
You regained 2 hp, and now have 9/37 hp.
Okay, then.
Your transformation has ended.
Your +0 robe unmelds from your body. 😱 MP[+1]
Casting: Wereblood (safe; 4% risk of failure)
Confirm with . or Enter, or press ? or * to list all spells.
The spell is quite dangerous to miscast (13% risk of failure)!
Continue anyway? [Y]es or [N]o only, please.
The spell is quite dangerous to miscast (13% risk of failure)!
Continue anyway?
You turn into a venomous arachnid creature.
Your +0 robe melds into your body. 😱 MP[-3]
You lost 3 mp, and now have 3/9 mp.
You completely miss the goblin. The goblin closely misses you.
Your white imp gestures at the goblin.
The puff of frost misses the goblin.
The orc priest invokes the aid of Beogh against you.
Beogh smites you!
You die...

Skill      XL: |  1  2  3  4 |
---------------+-------------+-----
Transmutations | 2 3 |  3.6
Unarmed Combat | 3 |  3.5
Poison Magic   | 1 |  1.5
Fighting       | |  1.1
Dodging        | |  1.8
Spellcasting   | |  2.8

Action                   |  1- 3 |  4- 6 || total
-------------------------+-------+-------++-------
Melee: Unarmed           |    85 |   105 ||   190
       Kick              |    16 |    11 ||    27
       Headbutt          |    10 |     7 ||    17
       Touch             |     8 |    10 ||    18
       Punch             |     2 |     1 ||     3
 Cast: Beastly Appendage |    20 |    13 ||    33
       Spider Form       |       |     4 ||     4
       Wereblood         |       |     3 ||     3
  Use: Scroll            |     4 |     7 ||    11
 Stab: Sleeping          |     1 |       ||     1
Armor: Robe              |    18 |    10 ||    28
       Skin              |       |     1 ||     1
Dodge: Dodged            |    64 |    67 ||   131

Levels and vault maps discovered:
D:1:      dpeg_arrival_tiny_g, layout_basic
D:2:      layout_basic, basic_altar, st_stairs_8
D:3:      layout_loops_ring, nicolae_overflow_hidden_temple
D:4:      minmay_spotlight, layout_basic, mainiacjoe_overflow_six_doors_small

Notes
Turn   | Place    | Note
-------+----------+-------------------------------------------
     0 | D:1      | kae the Demonspawn Transmuter began the quest for the Orb.
     0 | D:1      | Reached XP level 1. HP: 15/15 MP: 3/3
     0 | D:1      | magus.rc [v1.11.3]
    57 | D:1      | Reached skill level 2 in Transmutations
    81 | D:1      | You feel monstrous as your demonic heritage exerts itself.
    81 | D:1      | Discovered your monstrous ancestry.
    81 | D:1      | Gained mutation: Your touch may inflict minor irresistible
                  | damage on your foes. [demonic ancestry]
    81 | D:1      | Reached XP level 2. HP: 18/21 MP: 3/5
   294 | D:1      | You pick up a book of Winter and begin reading...
   294 | D:1      | You add the spells Ozocubu's Armour, Metabolic Englaciation
                  | and Simulacrum to your library.
   300 | D:1      | You pick up a book of Geomancy and begin reading...
   300 | D:1      | You add the spells Sandblast, Passwall and Stone Arrow to
                  | your library.
   346 | D:1      | Reached skill level 3 in Unarmed Combat
   872 | D:2      | Learned a level 2 spell: Wereblood
   958 | D:2      | Gained mutation: A weak demonic guardian rushes to your
                  | aid. [demonic ancestry]
   958 | D:2      | Reached XP level 3. HP: 25/26 MP: 4/6
   962 | D:2      | Learned a level 3 spell: Spider Form
  1288 | D:2      | Found a hide-covered altar of Uskayaw.
  1342 | D:2      | Reached skill level 1 in Poison Magic
  1342 | D:2      | Reached XP level 4. HP: 21/32 MP: 5/7
  1709 | D:3      | You add the spells Kindle Blastsparks, Ignite Poison and
                  | Freezing Cloud to your library.
  1871 | D:3      | Reached skill level 3 in Transmutations
  2546 | D:4      | Reached XP level 5. HP: 37/37 MP: 7/9
  2978 | D:4      | Found an iron altar of Okawaru.
  3060 | D:4      | HP: 7/37 [gnoll bouda/+0 whip (9)]
  3064 | D:4      | Killed from afar by an orc priest

Vanquished Creatures
  A gnoll bouda (D:4)
  An orc wizard (D:3)
  4 adders
  3 worms
  A dart slug (D:1)
  7 orcs (D:3)
  8 bats
  9 endoplasms
  A giant cockroach (D:4)
  3 goblins
  8 hobgoblins
  8 jackals
  2 quokkas
  3 ball pythons
  4 frilled lizards
  3 kobolds
  7 rats
73 creatures vanquished.

Table legend:
 A = Non-vault XP
 B = Vault XP
 C = Vault XP percentage of total XP
 D = Non-vault monster count
 E = Vault monster count
 F = Vault count percentage of total count
                 A         B        C        D         E       F
            +---------+---------+-------+---------+---------+-------
      Total |     215 |      47 |  17.9 |      69 |       4 |   5.5
            +---------+---------+-------+---------+---------+-------
        D:1 |      35 |       0 |   0.0 |      19 |       0 |   0.0
        D:2 |      73 |       6 |   7.6 |      22 |       2 |   8.3
        D:3 |      74 |       0 |   0.0 |      17 |       0 |   0.0
        D:4 |      33 |      41 |  55.4 |      11 |       2 |  15.4
            +---------+---------+-------+---------+---------+-------

Illustrated notes

Table legend:
 A = Kills in this place as a percentage of kills in entire the game.
 B = Kills by you in this place as a percentage of kills by you in the entire game.
 C = Kills by friends in this place as a percentage of kills by friends in the entire game.
 D = Other kills in this place as a percentage of other kills in the entire game.
 E = Experience gained in this place as a percentage of experience gained in the entire game.
 F = Experience gained in this place divided by the number of levels of this place that you have seen.
                   A       B       C       D       E      F
               +-------+-------+-------+-------+-------+----------------------
         Total | 100.0 | 100.0 |   N/A |   N/A | 100.0 |  65.5
       Dungeon | 100.0 | 100.0 |   N/A |   N/A | 100.0 |  65.5
               +-------+-------+-------+-------+-------+----------------------

Table legend: (Time is in decaauts)
 A = Elapsed time spent in this place.
 B = Non-inter-level travel time spent in this place.
 C = Inter-level travel time spent in this place.
 D = Time resting spent in this place.
 E = Time spent auto-exploring this place.
 F = Levels seen in this place.
 G = Mean time per level.
                   A        B        C        D        E       F      G
               +--------+--------+--------+--------+--------+-----+--------+
         Total |   3050 |   2889 |    161 |    102 |   2288 |   4 |  762.5 |
       Dungeon |   3050 |   2889 |    161 |    102 |   2288 |   4 |  762.5 |
               +--------+--------+--------+--------+--------+-----+--------+

Top non-repeatable levels by time:
     D:1: 864 daAuts
     D:3: 848 daAuts
     D:2: 807 daAuts
     D:4: 530 daAuts
